ElberethII., lawful female human Valkyrie --- ---- ----------.--- ---- |..| |............-- ---- --..--|..| |..-------....---- |..------------------------....--.-- ---- --......| ----- ---.....%.......*..[.%..............| ---....| ----|...--|....-----------------------.....---- |...-# -#..||....--.##.# ---- |.....---- |-..# |...#|..--...||.|#---##%#..| |........-- --...| |....#.---..--|.|......-|..#- --........| |....| --...........|--.........|...# `## ---.....(.-- |....| -#-# |....--...----|..............| %--.........| ----.| |..### #--.--#####.## |.............-- #..........| --- |.|--....-# |...| |...# ---........./.| |..........- |.----.||..*...# #.--# .|.-## ---........-| --.....--...| --..|...--......--#.## .| . | |...----(.| --- --....-- ..-- |.II|.--.........|...| . .. --..| --.------.---.....| --- --I^I.--.............| .. ---- |..--.<..........-- --.I.).........--#.-# ... |..^..............| -------.----..>|--- .. ----.----..--.|..-- --- |..-- -.- --- ---------- ---- -- ElberethII. the Fighter Experience level: 8 Strength: 18/04 Dexterity: 10 Constitution: 18 Intelligence: 9 Wisdom: 7 Charisma: 8 Health: 0(68) Energy: 16(16) Def: 2 Gold: 530 Moves: 4520 Dungeon seed: ddd4AZNlSYFQVW-Q Game ID: ElberethII._1607513573 Your Inventory: Coins $ - 530 gold pieces Weapons a - the blessed rustproof +2 Excalibur (weapon in hand) b - a +0 dagger f - 3 +0 orcish daggers Armor q - an uncursed +0 dwarvish cloak (being worn) y - an uncursed +0 pair of iron shoes (being worn) Comestibles c - 3 uncursed food rations L - an uncursed partly eaten golden naga hatchling corpse Scrolls w - a cursed scroll of magic mapping D - a cursed scroll of teleportation Tools A - a +0 unicorn horn Spells and supernatural/magical abilities: Name Level Category Fail Memory W - pray for help -- divine ? -- Your skills at the end: Fighting Skills Weapon Skills dagger [Basic] long sword [Basic] Spellcasting Skills Final Attributes: You were devoutly aligned. You were cold resistant. You were level-drain resistant. You were blinded. You had automatic searching. You were stealthy. You were fast. You are dead. Vanquished creatures: 2 ghosts a chameleon a mumak a horse a gnome king a lizard a dog 2 housecats a black unicorn 3 Woodland-elves a bugbear a mountain nymph 7 Uruk-hai a pony a yellow light a shrieker 8 gnome lords 3 gnomish wizards a golden naga hatchling a barrow wight 2 giant ants 2 little dogs 4 dwarves a kobold lord a rothe 2 rabid rats a centipede a giant bat a monkey a werejackal 3 iguanas a coyote a gas spore a hobbit 3 cave spiders a yellow mold a red mold 24 gnomes 3 garter snakes a gnome zombie 7 jackals a fox a kobold 3 goblins 5 grid bugs 4 bats 4 lichens 3 newts 122 creatures vanquished. Voluntary challenges: You had been an atheist until turn 4513. You used a wielded weapon 140 times, starting on turn 2. You read items or engraved 5 times, starting on turn 16. You never genocided any monsters. You never polymorphed an object. You never changed form. You used no wishes. You never split a pudding. You never wrote Elbereth's name. You violated your moral code, losing 86 points of alignment, starting on turn 124. Dungeon overview: The Dungeons of Doom: levels 1 to 3 Level 1 an altar to Odin a long staircase Level 2 a general store Level 3 a weapon shop stairs to The Gnomish Mines The Gnomish Mines: levels 4 to 8 Level 4 stairs to The Dungeons of Doom Level 5 Level 6 some shops, a temple to Tyr, some fountains Level 7 Level 8 <- You were here History has recorded: On T:1 you entered the Dungeons of Doom to retrieve the Amulet of Yendor! On T:124 you advanced to experience level 2. On T:126 you advanced to experience level 3. On T:329 you reached level 2 of The Dungeons of Doom. On T:671 you reached level 3 of The Dungeons of Doom. On T:1010 you advanced to experience level 4. On T:1144 you reached level 1 of The Gnomish Mines. On T:1252 you advanced to experience level 5. On T:2308 you reached level 2 of The Gnomish Mines. On T:2358 you advanced to experience level 6. On T:2875 you reached level 3 of The Gnomish Mines. On T:3665 you reached level 4 of The Gnomish Mines. On T:3690 you advanced to experience level 7. On T:4182 you reached level 5 of The Gnomish Mines. On T:4493 you advanced to experience level 8. Score breakdown: Gold: 530 ( 9269 points) Experience: 8 levels (14739 points) Exploration: 8 levels ( 16.00%) (11338 points) Discoveries: 4 items ( 1.63%) ( 3825 points) Valuables value: (no points given unless you survive) Artifact value: 4000 (12253 points) Variety of kills: 48 monsters ( 12.60%) (10648 points) Turncount: 4520 turns (-1205 points) Survival: died (score multiplied by 80%) Total score: 48693 Latest messages: She stole a +3 dwarvish iron helm. It stole an uncursed partly eaten food ration. It hits! (2x) It bites! (2x) It kicks! It bites! It kicks! It bites! You finish disrobing. You hit it. She charms you. You gladly hand over your shield. She stole an uncursed +3 small shield. It hits! (2x) It bites! (2x) It kicks! It bites! It kicks! It bites! You kill it! It hits! (2x) It bites! You die... Final status: Farvel ElberethII. the Valkyrie, killed by a lynx... You died in The Gnomish Mines on dungeon level 8 with 48693 points, and 530 pieces of gold, after 4520 moves. You were level 8 with a maximum of 68 hit points when you died.